 Dungeon Crawl Stone Soup version 0.20.1-1-g8b1a95d (webtiles) character file.

27 vatarom the Ducker (level 2, 0/13 HPs)
             Began as a Spriggan Conjurer on Sept 4, 2017.
             Slain by a giant cockroach (2 damage)
             ... on level 1 of the Dungeon.
             The game lasted 00:02:52 (743 turns).

vatarom the Ducker (Spriggan Conjurer)               Turns: 743, Time: 00:02:52

Health: 0/13       AC:  3    Str:  4    XL:     2   Next: 93%
Magic:  1/7        EV: 22    Int: 16    God:
Gold:   37         SH:  0    Dex: 16    Spells: 4/7 levels left

rFire    . . .     SeeInvis +   (weapon restricted)
rCold    . . .     Gourm    .   (shield restricted)
rNeg     . . .     Faith    .   a - +1 robe
rPois    .         Spirit   .   (helmet restricted)
rElec    .         Reflect  .   (no cloak)
rCorr    .         Harm     .   (gloves unavailable)
MR       .....                  (boots unavailable)
Stlth    ++........             (no amulet)
Regen    0.1/turn               g - +3 ring of evasion
MPRegen  0.1/turn               (no ring)

@: very quick
A: unfitting armour, see invisible, herbivore 3, speed 3, slow metabolism 2
a: no special abilities


You were on level 1 of the Dungeon.
You were not hungry.

You visited 1 branch of the dungeon, and saw 1 of its levels.

You collected 37 gold pieces.

Inventory:

Armour
 a - a +1 robe (worn)
Jewellery
 g - a +3 ring of evasion (left hand)
Books
 b - a book of Conjurations

   Spells                             Type                      Level
   a - Magic Dart                     Conjuration                  1
   b - Searing Ray                    Conjuration                  2
   c - Dazzling Spray                 Conjuration/Hexes            3
   d - Fulminant Prism                Conjuration/Hexes            4
   e - Force Lance                    Conjuration/Translocation    4
   f - Iskenderun's Mystic Blast      Conjuration                  4
Comestibles
 c - a bread ration


   Skills:
 * Level 3.9 Dodging
 - Level 3.0 Stealth
 + Level 3.1 Spellcasting
 - Level 3.2 Conjurations


You had 4 spell levels left.
You knew the following spells:

 Your Spells              Type           Power        Failure   Level  Hunger
a - Magic Dart            Conj           ##..         4%          1    #......
b - Searing Ray           Conj           ##....       8%          2    ##.....


Dungeon Overview and Level Annotations

Branches:
Dungeon (1/15)

Altars:


Innate Abilities, Weirdness & Mutations

You are very small and have problems with some larger weapons.
You are too small for most types of armour.
You have supernaturally acute eyesight. (SInv)
You are a herbivore.
You cover ground extremely quickly.
You need consume almost no food.


Message History

You closely miss the giant cockroach.
The giant cockroach is almost dead.
The jackal completely misses you. The giant cockroach barely misses you.
You barely miss the giant cockroach.
The giant cockroach is almost dead.
The jackal bites you.
* * * LOW HITPOINT WARNING * * *
The giant cockroach bites you but does no damage.
You hit the giant cockroach but do no damage.
The giant cockroach is almost dead.
The jackal closely misses you. The giant cockroach barely misses you.
The jackal completely misses you.
You completely miss the giant cockroach.
The giant cockroach is almost dead.
The giant cockroach completely misses you.
The jackal misses you.
You hit the giant cockroach but do no damage.
The giant cockroach is almost dead.
The giant cockroach bites you.
You die...

### #.. #.# #.# ######.###
.........### #####
#####.....###########...#
###...#...s@hg.........#
#....#..#####K.........#####
#.##..%.....##≈≈#'.....##...
#.>...#.....#.§..#.....##...
#####.#.....§...§§§....##...
#.#...(§≈.⌠<.§§....#####
#.#.....≈....§...g.#
#.#.....#§...#.....#
#.###≈≈###≈≈###.#..#


You could see a jackal, a giant cockroach, a hobgoblin and a kobold.

Vanquished Creatures
  An adder (D:1)
  A dart slug (D:1)
  2 goblins (D:1)
  4 hobgoblins (D:1)
  2 jackals (D:1)
  2 kobolds (D:1)
  A bat (D:1)
  A rat (D:1)
14 creatures vanquished.

Notes
Turn   | Place    | Note
-------+----------+-------------------------------------------
     0 | D:1      | vatarom the Spriggan Conjurer began the quest for the Orb.
     0 | D:1      | Reached XP level 1. HP: 9/9 MP: 5/5
   280 | D:1      | Reached XP level 2. HP: 11/13 MP: 4/6
   289 | D:1      | Learned a level 2 spell: Searing Ray
   743 | D:1      | Slain by a giant cockroach

Skill      XL: |  1  2 |
---------------+-------+-----
Conjurations   | 3 |  3.2
Spellcasting   | 3 |  3.1
Dodging        | |  3.9
Stealth        | |  3.0

Action                   || total
-------------------------++-------
Melee: Unarmed           ||    29
 Cast: Magic Dart        ||    29
       Searing Ray       ||     3
  Use: Potion            ||     1
       Scroll            ||     3
Armor: Robe              ||     4
Dodge: Dodged            ||    77
